 Dungeon Crawl Stone Soup version 0.30-a0-279-g4b46babb21 (webtiles) character file.

Game seed: 4142129542120290195

5147 plokij the Carver (level 10, 0/91 HPs)
             Began as a Minotaur Fighter on Oct 17, 2022.
             Was an Elder of Okawaru.
             Slain by a yak (9 damage)
             ... on level 9 of the Dungeon.
             The game lasted 00:40:42 (8236 turns).

plokij the Carver (Minotaur Fighter)                Turns: 8236, Time: 00:40:43

Health: 0/91       AC: 19    Str: 20    XL:     10   Next: 33%
Magic:  9/9        EV: 10    Int:  5    God:    Okawaru [****..]
Gold:   905        SH:  6    Dex: 15    Spells: 9/9 levels left

rFire   . . .      SeeInvis .    a - +0 long sword
rCold   . . .      Faith    .    c - +0 buckler
rNeg    . . .      Spirit   .    N - +0 plate armour
rPois   .          Reflect  .    (helmet restricted)
rElec   .          Harm     .    P - +0 cloak
rCorr   .          Rampage  .    (no gloves)
Will    .....                    (no boots)
Stlth   ..........               (no amulet)
HPRegen 0.35/turn                y - +4 ring of protection
MPRegen 0.11/turn                e - +4 ring of evasion

@: mighty
A: horns 2, retaliatory headbutt
a: Renounce Religion, Heroism, Finesse


You were on level 9 of the Dungeon.
You worshipped Okawaru.
Okawaru was greatly pleased with you.
You visited 1 branch of the dungeon, and saw 9 of its levels.
You also visited: Ossuary.

You collected 905 gold pieces.

Inventory:

Hand Weapons
 a - a +0 long sword (weapon)
 b - a +0 longbow
 i - a +0 arbalest
 J - the +12 hammer of Meimavo {holy, Str+7}
   (You found it on level 5 of the Dungeon)

   It has been blessed by the Shining One to cause great damage to the undead
   and demons.
   Str:       It affects your strength (+7).
 Q - the +8 quarterstaff of Tartarus {venom, rPois rN+ Str+3 Int+4}
   (You found it on level 8 of the Dungeon)

   It poisons the flesh of those it strikes.
   Str:       It affects your strength (+3).
   Int:       It affects your intelligence (+4).
   rPois:     It protects you from poison.
   rN:        It protects you from negative energy.
Missiles
 g - 64 stones (quivered)
 H - 2 throwing nets
Armour
 c - a +0 buckler (worn)
 N - a +0 plate armour (worn)
 P - a +0 cloak (worn)
Jewellery
 e - a +4 ring of evasion (right hand)
 f - a ring of ice
 y - a +4 ring of protection (left hand)
 K - a ring of willpower
 M - the ring of Fatigue {rF++ Dex+5 SInv}
   (You found it on level 6 of the Dungeon)

   [ring of see invisible]

   Dex:       It affects your dexterity (+5).
   rF:        It greatly protects you from fire.
   SInv:      It lets you see invisible.
 S - a ring of ice
Wands
 w - a wand of digging (7)
Scrolls
 h - 4 scrolls of poison {unknown}
 j - 8 scrolls of identify {unknown}
 k - 5 scrolls of blinking {unknown}
 o - a scroll of vulnerability {unknown}
 p - a scroll of torment {unknown}
 q - a scroll of amnesia {unknown}
 t - a scroll of fear {unknown}
 u - a scroll of summoning {unknown}
 x - 4 scrolls of noise {unknown}
 A - 4 scrolls of fog {unknown}
 B - a scroll of immolation {unknown}
 C - 2 scrolls of enchant weapon {unknown}
 D - 3 scrolls of teleportation {unknown}
 I - 3 scrolls of enchant armour {unknown}
 R - a scroll of brand weapon {unknown}
Potions
 d - 2 potions of might
 l - 2 potions of invisibility {unknown}
 m - 5 potions of curing
 n - 2 potions of heal wounds {unknown}
 r - 3 potions of resistance {unknown}
 s - 3 potions of lignification {unknown}
 v - 2 potions of cancellation {unknown}
 z - 2 potions of brilliance {unknown}
 E - 2 potions of magic {unknown}
 F - 3 potions of attraction
 G - 3 potions of flight {unknown}
 L - 3 potions of berserk rage {unknown}
 O - a potion of haste {unknown}


   Skills:
 + Level 9.0 Fighting
 * Level 11.8 Long Blades
 + Level 9.1 Armour
 + Level 9.0 Shields


You had 9 spell levels left.
You didn't know any spells.
Your spell library contained the following spells:

 Spells                   Type           Power      Damage    Failure   Level
 Magic Dart               Conj           0%         1d3       100%        1
 Necrotise                Necr           0%         1d4       100%        1
 Blink                    Tloc           0%         N/A       100%        2
 Static Discharge         Conj/Air       0%         2-2/arc   100%        2
 Mephitic Cloud           Conj/Pois/Air  0%         N/A       100%        3
 Vampiric Draining        Necr           0%         2d6       100%        3
 Vhi's Electric Charge    Tloc/Air       0%         N/A       100%        3
 Manifold Assault         Tloc           0%         N/A       100%        4
 Agony                    Necr           0%         N/A       100%        5
 Arcjolt                  Conj/Air       0%         1d10      100%        5
 Blade Hands              Tmut           0%         N/A       100%        5
 Irradiate                Conj/Tmut      0%         3d11      100%        5
 Lightning Bolt           Conj/Air       0%         1d11      100%        5
 Dragon Form              Tmut           0%         N/A       100%        7
 Storm Form               Tmut/Air       0%         N/A       100%        7
 Call Imp                 Summ           Unusable   N/A       N/A         2

Dungeon Overview and Level Annotations

Branches:
Dungeon (9/15)             Temple (0/1) D:6         Ossuary (visited)
   Lair: D:8-11         Orc: D:9-12

Altars:
Fedhas
Gozag
Hepliaklqana
Okawaru
Qazlal
Sif Muna
Zin

Shops:
D:1 !   D:4 (   D:6 **

Annotations:
D:9 3 runed translucent doors, Hubris850's ghost, novice HOMo


Innate Abilities, Weirdness & Mutations

You have a pair of horns on your head.
You reflexively headbutt those who attack you in melee.


Message History

The yak is moderately wounded.
You slash the yak! You headbutt the yak!
The yak is severely wounded.
The yak gores you but does no damage. The yak gores you. x3
You closely miss the yak.
The yak is severely wounded.
The yak gores you. The yak gores you but does no damage. The yak gores you.
* * * LOW HITPOINT WARNING * * *
The yak gores you but does no damage.
You barely miss the yak.
The yak is severely wounded.
The yak gores you but does no damage. The yak closely misses you.
The yak barely misses you. The yak gores you!
* * * LOW HITPOINT WARNING * * *
You hit the yak.
The yak is severely wounded.
The yak misses you. You furiously retaliate!
You headbutt the yak! You block the yak's attack. The yak gores you!
* * * LOW HITPOINT WARNING * * *
The yak gores you but does no damage.
You feel better. The yak gores you.
* * * LOW HITPOINT WARNING * * *
You block the yak's attack. The yak gores you but does no damage.
The yak gores you.
* * * LOW HITPOINT WARNING * * *
The yak gores you but does no damage. The yak closely misses you.
You furiously retaliate!
You headbutt the yak!! The yak attacks as you move away!
You block the yak's attack. The yak attacks as you move away!
The yak gores you!
* * * LOW HITPOINT WARNING * * *
The yak gores you but does no damage. The yak attacks as you move away!
The yak gores you but does no damage. The yak attacks as you move away!
The yak closely misses you. The yak attacks as you move away!
The yak gores you but does no damage. The yak attacks as you move away!
The yak misses you.
There is an open door here.
The yak attacks as you move away! The yak barely misses you.
There is an open door here.
The yak attacks as you move away! The yak gores you!
You die...

#...#...#............+....
#...#...#............#..##
#...#...#.........>..'..#.
#...'...#............####.
#...#Y..#..#####..........
###...#.Y.#..# #..........
#.....#..Y#..# #..........
#.....#...Y..# #.#########
#.....#####@.# #.#........
#............# #.#........
#............# #.#........
#............# #.#......##
#............#####.#......#
#..................#......#
#..................#......#
#..................#......##
#..................#........


You could see 4 yaks.

Vanquished Creatures
  A cyclops (D:8)
  A wyvern (D:9)
  2 yaks (D:9)
  A steam dragon (D:7)
  Edmund (D:5)
  2 water moccasins
  4 black bears
  2 orc warriors
  2 ice beasts (D:5)
  3 ogres (D:6)
  2 centaurs
  2 phantoms
  2 necrophages (D:6)
  5 bullfrogs
  4 kobold brigands
  5 scorpions
  A gnoll sergeant (D:8)
  13 killer bees
  2 howler monkeys (D:8)
  2 orc priests
  2 hounds
  5 jellies
  3 iguanas
  3 orc wizards
  8 mummies (Ossuary)
  16 gnolls
  9 adders
  A shadow imp (D:6)
  A white imp (D:8)
  An ufetubus (D:4)
  4 dart slugs
  20 orcs
  4 endoplasms
  3 giant cockroaches
  6 goblins
  10 hobgoblins
  2 jackals (D:3)
  23 kobolds
  5 quokkas
  5 ball pythons
  4 bats
  7 frilled lizards
  A gnoll zombie (Ossuary)
  3 hobgoblin zombies (Ossuary)
  4 orc zombies (Ossuary)
  7 rats
214 creatures vanquished.

Notes
Turn   | Place    | Note
-------+----------+-------------------------------------------
     0 | D:1      | plokij the Minotaur Fighter began the quest for the Orb.
     0 | D:1      | Reached XP level 1. HP: 19/19 MP: 0/0
   141 | D:1      | Reached XP level 2. HP: 27/27 MP: 1/1
   323 | D:1      | Reached skill level 3 in Long Blades
   496 | D:1      | Found Qibaammo's Distillery.
   592 | D:2      | Reached XP level 3. HP: 33/33 MP: 2/2
  1482 | D:3      | Reached XP level 4. HP: 36/40 MP: 3/3
  1487 | D:3      | Reached skill level 4 in Long Blades
  1933 | D:4      | Reached XP level 5. HP: 42/47 MP: 4/4
  2123 | D:4      | Reached skill level 5 in Long Blades
  2257 | D:4      | Found Qaxoeq's Antique Weapon Boutique.
  2266 | D:4      | Reached XP level 6. HP: 55/55 MP: 5/5
  2421 | D:4      | Found a sand-covered staircase.
  2429 | Ossuary  | Entered an ossuary
  2445 | Ossuary  | Reached skill level 5 in Armour
  2453 | Ossuary  | Reached skill level 5 in Fighting
  2547 | Ossuary  | Reached skill level 5 in Shields
  2840 | D:4      | Found an iron altar of Okawaru.
  2857 | D:4      | Became a worshipper of Warmaster Okawaru
  2988 | D:5      | Entered Level 5 of the Dungeon
  3097 | D:5      | Noticed Edmund
  3111 | D:5      | Killed Edmund
  3112 | D:5      | Reached skill level 6 in Long Blades
  3112 | D:5      | Reached XP level 7. HP: 17/59 MP: 6/6
  3838 | D:5      | Reached * piety under Okawaru
  3851 | D:5      | Identified the +12 hammer of Meimavo {holy, Str+7}
  3914 | D:5      | Found a stormy altar of Qazlal.
  3941 | D:5      | Reached skill level 7 in Long Blades
  4116 | D:5      | Reached XP level 8. HP: 41/70 MP: 7/7
  4333 | D:5      | Found a shimmering blue altar of Sif Muna.
  4343 | D:5      | Found a glowing silver altar of Zin.
  4348 | D:5      | Found a blossoming altar of Fedhas.
  4351 | D:5      | Found an opulent altar of Gozag.
  4586 | D:6      | Reached skill level 8 in Long Blades
  4741 | D:6      | Reached ** piety under Okawaru
  4777 | D:6      | Reached skill level 9 in Long Blades
  4959 | D:6      | Found Foang's Lightly-Used Armoury.
  5033 | D:6      | Reached XP level 9. HP: 79/79 MP: 8/8
  5041 | D:6      | Found a staircase to the Ecumenical Temple.
  5071 | D:6      | Found Teory's Assorted Antiques.
  5155 | D:6      | Identified the ring of Fatigue {rF++ Dex+5 SInv}
  5642 | D:7      | Reached *** piety under Okawaru
  5690 | D:7      | Reached skill level 10 in Long Blades
  6693 | D:8      | Identified the +8 quarterstaff of Tartarus {venom, rPois
                  | rN+ Str+3 Int+4}
  7035 | D:8      | Reached skill level 11 in Long Blades
  7087 | D:8      | Noticed a cyclops
  7094 | D:8      | Reached XP level 10. HP: 78/90 MP: 9/9
  7104 | D:8      | Killed a cyclops
  7201 | D:8      | Reached **** piety under Okawaru
  7780 | D:9      | Found a runed translucent gate.
  7780 | D:9      | Found a runed translucent gate.
  7780 | D:9      | Found a runed translucent gate.
  7814 | D:9      | Noticed Hubris850's ghost (novice HOMo)
  7995 | D:9      | Found a hazy altar of Hepliaklqana.
  8236 | D:9      | Slain by a yak

Illustrated notes

Levels and vault maps discovered:
D:1:      spicycebolla_green_bress_n_ham, layout_rooms, serial_shops,
          nicolae_shop_behind_doors, minmay_heptomino_o4
D:2:      layout_basic
D:3:      layout_loops_ring
D:4:      layout_cave_pools, mainiacjoe_overflow_chevrons,
          chequers_ossuary_entry_cave, minmay_shop_grid_forest,
          minmay_pentomino_pile
D:5:      layout_basic, grunt_temple_overflow_cloverleaf,
          nicolae_qazlal_eye_of_the_storm, uniq_crazy_yiuf_cottage, uniq_edmund
D:6:      layout_basic, minmay_temple_entry_purple_smoke, serial_shops, shop,
          minmay_shop_damaged, minmay_joined_circles
D:7:      layout_loops_corners
D:8:      layout_loops_ring
D:9:      layout_irregular_city, old_standard_altar, gammafunk_ghost_spectres

Skill      XL: |  1  2  3  4  5  6  7  8  9 10 |
---------------+-------------------------------+-----
Long Blades    | 3 4 5 6 7 9 11 | 11.8
Armour         | 4 5 6 7 8 9 |  9.1
Fighting       | 4 5 6 7 8 9 |  9.0
Shields        | 4 5 6 7 8 9 |  9.0

Action                   |  1- 3 |  4- 6 |  7- 9 | 10-12 || total
-------------------------+-------+-------+-------+-------++-------
Melee: Long sword        |   108 |   145 |   382 |    73 ||   708
       Headbutt          |    14 |    26 |    71 |    17 ||   128
Invok: Heroism           |       |       |     4 |     1 ||     5
  Use: Potion            |       |     1 |     4 |     2 ||     7
Armor: Scale mail        |    55 |    57 |    79 |       ||   191
       Plate armour      |       |       |    96 |    52 ||   148
Dodge: Dodged            |    53 |    66 |   175 |    47 ||   341
Block: Buckler           |    24 |    36 |   118 |    25 ||   203

Table legend: (Time is in decaauts)
 A = Elapsed time spent in this place.
 B = Non-inter-level travel time spent in this place.
 C = Inter-level travel time spent in this place.
 D = Time resting spent in this place.
 E = Time spent auto-exploring this place.
 F = Levels seen in this place.
 G = Mean time per level.
                   A        B        C        D        E       F      G
               +--------+--------+--------+--------+--------+-----+--------+
         Total |   8284 |   6400 |   1884 |   1474 |   3133 |  10 |  828.4 |
       Dungeon |   7902 |   6018 |   1884 |   1329 |   3133 |   9 |  878.0 |
       Ossuary |    381 |    381 |      0 |    145 |      0 |   1 |  381.0 |
               +--------+--------+--------+--------+--------+-----+--------+

Top non-repeatable levels by time:
     D:5: 1534 daAuts
     D:7: 1114 daAuts
     D:6: 1025 daAuts
     D:8: 934 daAuts
     D:4: 736 daAuts
     D:2: 732 daAuts
     D:3: 675 daAuts
     D:9: 604 daAuts
     D:1: 545 daAuts
 Ossuary: 381 daAuts
